 Dungeon Sprint DCSS version 0.31-a0-1071-gaead2f62b1 (webtiles) character file.

Game seed: 4834724488451442197

56 rocky1 the Grappler (level 7, -4/58 HPs)
             Began as a Gnoll Shapeshifter on Nov 26, 2023.
             Was a Believer of Qazlal.
             Slain by a merfolk
             ... wielding a +0 trident
              (21 damage)
             ... in the Dungeon (Sprint VI: "Thunderdome").
             The game lasted 00:02:43 (279 turns).

rocky1 the Grappler (Gnoll Shapeshifter)             Turns: 279, Time: 00:02:44

Health: -4/58      AC:  3    Str: 15    XL:     7   Next: 36%
Magic:  9/15       EV: 14    Int: 10    God:    Qazlal [**....]
Gold:   280        SH:  3    Dex: 11    Spells: 17/17 levels left

rFire   . .          .
                       - Unarmed
rCold   . . .        (no shield)
rNeg    . . .        o - +0 leather armour
rPois   .            (helmet currently unavailable)
rElec   .            (cloak currently unavailable)
rCorr   .            (gloves currently unavailable)
SInv    .            (boots currently unavailable)
Will    .....        (no amulet)
Stlth   ++           (no ring)
HPRegen 0.29/turn    (no ring)
MPRegen 0.14/turn

%: no teleportation
@: beast-form
A: beast (slay +4), fangs 1, strong nose, distributed training
a: Begin Untransformation, Renounce Religion, Upheaval


You were in the Dungeon.
You worshipped Qazlal.
Qazlal was pleased with you.
You were a hulking beast.
You visited 1 branch You collected 280 gold pieces.

Inventory:

Armour
 a - a +0 animal skin
 o - a +0 leather armour (worn)
Talismans
 c - a beast talisman
 d - a flux talisman
Wands
 l - a wand of acid (2)
Scrolls
 j - 4 scrolls of blinking
 n - 3 scrolls of fog
Potions
 b - a potion of lignification
 e - a potion of curing
 f - 3 potions of heal wounds
 g - 4 potions of haste
 h - 2 potions of magic
 i - a potion of berserk rage
 k - a potion of resistance


   Skills:
 + Level 6.2 Fighting
 + Level 5.5 Short Blades
 + Level 5.5 Long Blades
 + Level 5.5 Axes
 + Level 5.5 Maces & Flails
 + Level 5.5 Polearms
 + Level 5.5 Staves
 + Level 5.5 Ranged Weapons
 + Level 5.5 Throwing
 + Level 5.5 Armour
 + Level 7.3 Dodging
 + Level 5.5 Stealth
 + Level 5.5 Shields
 + Level 8.7 Unarmed Combat
 + Level 5.5 Spellcasting
 + Level 4.5 Conjurations
 + Level 4.5 Hexes
 + Level 4.5 Summonings
 + Level 4.5 Necromancy
 + Level 4.5 Translocations
 + Level 4.5 Transmutations
 + Level 4.5 Fire Magic
 + Level 4.5 Ice Magic
 + Level 4.5 Air Magic
 + Level 4.5 Earth Magic
 + Level 4.5 Poison Magic
 + Level 6.1 Invocations
 + Level 5.5 Evocations
 + Level 8.3 Shapeshifting


You had 17 spell levels left.
You didn't know any spells.
Your spell library was empty.

Dungeon Overview and Level Annotations

Branches:
Dungeon (1/1)

Altars:
Cheibriados
Dithmenos
Fedhas
Gozag
Kikubaaqudgha
Makhleb
Okawaru
Qazlal
Ru
Sif Muna
Trog
Uskayaw
Vehumet
Wu Jian
Xom
Yredelemnul
Zin
The Shining One
Lugonu

Shops:
D *[=??*?*:[((!!!!


Innate Abilities, Weirdness & Mutations

You are a hulking beast.
Your limbs bulge with bestial killing power. (Slay +4)
You have very sharp teeth.
Your uncanny sense of smell can sniff out nearby items.
Your experience applies equally to all skills.


Message History

50...
The wyvern bites you. The merfolk closely misses you.
Your Invocations skill increases to level 6!
Unknown command.
Aiming: Upheaval
Press: ? - help, Dir - move target, f - merfolk
Aim: a merfolk, wielding a +0 trident and quivering 3 throwing nets Magma suddenly erupts from the ground!
The blast of magma engulfs the wyvern!
The wyvern is severely wounded.
The blast of magma engulfs the merfolk!!
The merfolk is severely wounded.
You block the wyvern's attack. The wyvern misses you. The merfolk misses you.
The wyvern closely misses you.
Aiming: Fastroot
Press: ? - help, Q - select action, (/) - cycle Shift-Dir - straight line, f/p - merfolk
Aim: a merfolk, wielding a +0 trident and quivering 3 throwing nets (severely wounded)
The roots erupt in riotous growth!
Roots grab the wyvern.
Roots grab the wyvern.
Roots grab the merfolk.
The now-empty wand crumbles to dust.
The grasping roots constrict the merfolk.
The grasping roots constrict the wyvern. x2
You hear a shout!
A merfolk comes into view. It is wielding a +1 vampiric trident.
The wyvern barely misses you. The wyvern misses you.
The merfolk hits you from afar with a +0 trident!
You are too injured to fight recklessly!
Unknown command.
You completely miss the wyvern.
The wyvern is moderately wounded.
The grasping roots constrict the merfolk!
The grasping roots constrict the wyvern.
You kill the wyvern!
Qazlal accepts your kill.
The grasping roots constrict the wyvern.
The wyvern closely misses you. The wyvern bites you!
* * * LOW HITPOINT WARNING * * *
The merfolk hits you from afar with a +0 trident!!
You die...

##§⌠§## #...).# ##.....##
##∩.....∩## #∩.......∩#
#_......._# #_......._#
#_....l.._# ###....☼h.m.###
#⌠........≈..§#
######.8.........8.######
##∩_........###......___∩##
###∩........8.# #.8........∩##
#......)......###.....m.......
⌠..........###...###..........
⌠..........# #.<.# #..........
⌠........†.###...###..........


You could see 2 merfolk and a wyvern (rooted).

Vanquished Creatures
  Grinder (D)
  A wyvern (D)
  Eustachio (D)
  A centaur (D)
  3 crimson imps (D)
  Jessica (D)
  2 adders (D)
  A white imp (D)
  An endoplasm (D)
  A hobgoblin (D)
  A rat (D)
14 creatures vanquished.

Notes
Turn   | Place    | Note
-------+----------+-------------------------------------------
     0 | D        | rocky1 the Gnoll Shapeshifter began the quest for the Orb.
     0 | D        | Reached XP level 1. HP: 17/17 MP: 1/1
     3 | D        | Found an ancient bone altar of Kikubaaqudgha.
     4 | D        | Found a glowing golden altar of the Shining One.
     4 | D        | Found a snail-covered altar of Cheibriados.
     5 | D        | Found a hide-covered altar of Uskayaw.
     5 | D        | Found a sacrificial altar of Ru.
     5 | D        | Round 1.
     6 | D        | Found a shadowy altar of Dithmenos.
     6 | D        | Found Munkemn's Weapon Rack.
     6 | D        | Found Zairr's Premium Goods.
     7 | D        | Found Guqetir's Basic Armour.
     7 | D        | Found Oceweuk's Miscellaneous Merchandise.
    10 | D        | Found a shimmering blue altar of Sif Muna.
    11 | D        | Found an ornate altar of the Wu Jian Council.
    14 | D        | Found Gieg's Identification Station.
    15 | D        | Found a corrupted altar of Lugonu.
    15 | D        | Found Xytrex's Timeless Talismans.
    16 | D        | Found Muckoext's Advanced Armour.
    16 | D        | Found Higeol's Jewellery.
    24 | D        | Found a radiant altar of Vehumet.
    25 | D        | Found a shimmering altar of Xom.
    26 | D        | Found a blossoming altar of Fedhas.
    27 | D        | Noticed a crimson imp
    28 | D        | Found Upnioleh's Magic Scroll Shop.
    29 | D        | Found Atyafaed's Magic Scroll Shop.
    29 | D        | Found Giwer's Must-Have Magic.
    30 | D        | Found a basalt altar of Yredelemnul.
    30 | D        | Found an opulent altar of Gozag.
    30 | D        | Found a stormy altar of Qazlal.
    30 | D        | Found Zyron's Staff Store.
    35 | D        | Killed a crimson imp
    36 | D        | Reached skill level 5 in Dodging
    36 | D        | Reached skill level 1 in Conjurations
    36 | D        | Reached skill level 1 in Hexes
    36 | D        | Reached skill level 1 in Summonings
    36 | D        | Reached skill level 1 in Necromancy
    36 | D        | Reached skill level 1 in Translocations
    36 | D        | Reached skill level 1 in Transmutations
    36 | D        | Reached skill level 1 in Fire Magic
    36 | D        | Reached skill level 1 in Ice Magic
    36 | D        | Reached skill level 1 in Air Magic
    36 | D        | Reached skill level 1 in Earth Magic
    36 | D        | Reached skill level 1 in Poison Magic
    36 | D        | Reached XP level 2. HP: 24/24 MP: 1/5
    36 | D        | Reached XP level 3. HP: 29/29 MP: 1/6
    37 | D        | Noticed Grinder
    42 | D        | Reached XP level 4. HP: 36/36 MP: 1/7
    45 | D        | Found a bloodstained altar of Trog.
    47 | D        | Found a burning altar of Makhleb.
    48 | D        | Found a glowing silver altar of Zin.
    49 | D        | Found Gytz's Distillery.
    49 | D        | Found an iron altar of Okawaru.
    49 | D        | Found Jogat's Do-It-Yourself Clinic.
    51 | D        | Found Lualo's Distillery.
    51 | D        | Found Vurchiw's Bottled Wisdom.
    52 | D        | Paralysed by Grinder for 4 turns
    59 | D        | Killed Grinder
    60 | D        | Reached skill level 5 in Fighting
    60 | D        | Reached XP level 5. HP: 39/44 MP: 3/11
    60 | D        | Reached XP level 6. HP: 45/51 MP: 3/12
   108 | D        | Became a worshipper of Qazlal Stormbringer
   113 | D        | Noticed Eustachio
   131 | D        | Killed Eustachio
   132 | D        | Reached skill level 5 in Short Blades
   132 | D        | Reached skill level 5 in Long Blades
   132 | D        | Reached skill level 5 in Axes
   132 | D        | Reached skill level 5 in Maces & Flails
   132 | D        | Reached skill level 5 in Polearms
   132 | D        | Reached skill level 5 in Staves
   132 | D        | Reached skill level 5 in Ranged Weapons
   132 | D        | Reached skill level 5 in Throwing
   132 | D        | Reached skill level 5 in Armour
   132 | D        | Reached skill level 5 in Stealth
   132 | D        | Reached skill level 5 in Shields
   132 | D        | Reached skill level 5 in Spellcasting
   132 | D        | Reached skill level 5 in Invocations
   132 | D        | Reached skill level 5 in Evocations
   152 | D        | Reached * piety under Qazlal
   152 | D        | Arena points: 14 (+14) [x2]
   153 | D        | Reached XP level 7. HP: 37/57 MP: 14/14
   194 | D        | Round 2.
   200 | D        | Noticed Jessica
   207 | D        | Killed Jessica
   207 | D        | Reached ** piety under Qazlal
   238 | D        | Arena points: 56 (+42) [x3]
   270 | D        | Round 3.
   271 | D        | Noticed a wyvern
   271 | D        | Noticed a wyvern
   272 | D        | Noticed a merfolk
   276 | D        | Reached *** piety under Qazlal
   278 | D        | Noticed a merfolk
   279 | D        | Killed a wyvern
   279 | D        | Slain by a merfolk

Illustrated notes

Levels and vault maps discovered:
D:        arena_sprint

Skill      XL: |  1  2  3  4  5  6  7 |
---------------+----------------------+-----
Fighting       | 3 5 6 |  6.2
Short Blades   | 2 4 5 |  5.5
Long Blades    | 2 4 5 |  5.5
Axes           | 2 4 5 |  5.5
Maces & Flails | 2 4 5 |  5.5
Polearms       | 2 4 5 |  5.5
Staves         | 2 4 5 |  5.5
Ranged Weapons | 2 4 5 |  5.5
Throwing       | 2 4 5 |  5.5
Armour         | 2 4 5 |  5.5
Dodging        | 5 6 7 |  7.3
Stealth        | 2 4 5 |  5.5
Shields        | 2 4 5 |  5.5
Spellcasting   | 2 4 5 |  5.5
Conjurations   | 1 2 3 4 |  4.5
Hexes          | 1 2 3 4 |  4.5
Summonings     | 1 2 3 4 |  4.5
Necromancy     | 1 2 3 4 |  4.5
Translocations | 1 2 3 4 |  4.5
Transmutations | 1 2 3 4 |  4.5
Fire Magic     | 1 2 3 4 |  4.5
Ice Magic      | 1 2 3 4 |  4.5
Air Magic      | 1 2 3 4 |  4.5
Earth Magic    | 1 2 3 4 |  4.5
Poison Magic   | 1 2 3 4 |  4.5
Invocations    | 2 4 5 6 |  6.1
Evocations     | 2 4 5 |  5.5
Unarmed Combat | 7 8 |  8.7
Shapeshifting  | 7 8 |  8.3

Action                     |  1- 3 |  4- 6 |  7- 9 || total
---------------------------+-------+-------+-------++-------
  Melee: Unarmed           |     7 |    20 |    10 ||    37
         Bite              |     1 |     2 |     2 ||     5
 Invoke: Upheaval          |       |       |     2 ||     2
  Evoke: Wand              |       |     7 |     1 ||     8
    Use: Potion            |       |     1 |       ||     1
 Armour: Animal skin       |       |    18 |     5 ||    23
         Leather armour    |       |       |     6 ||     6
  Dodge: Dodged            |     5 |    26 |    17 ||    48
  Block: Other             |       |       |     2 ||     2

Table legend: (Time is in decaauts)
 A = Elapsed time spent in this place.
 B = Non-inter-level travel time spent in this place.
 C = Inter-level travel time spent in this place.
 D = Time resting spent in this place.
 E = Time spent auto-exploring this place.
 F = Levels seen in this place.
 G = Mean time per level.
                   A        B        C        D        E       F      G
               +--------+--------+--------+--------+--------+-----+--------+
         Total |    273 |    273 |      0 |     38 |      0 |   1 |  273.0 |
       Dungeon |    273 |    273 |      0 |     38 |      0 |   1 |  273.0 |
               +--------+--------+--------+--------+--------+-----+--------+

Top non-repeatable levels by time:
       D: 273 daAuts
